 Dungeon Crawl Stone Soup version 0.22.0-27-ga576289 (webtiles) character file.

1194 Lew the Skirmisher (level 8, -14/64 (67) HPs)
             Began as a Gnoll Abyssal Knight on Aug 21, 2018.
             Was a Priest of Lugonu.
             Demolished by an orc warrior
             ... wielding a +0 battleaxe of pain
              (22 damage)
             ... on level 6 of the Dungeon.
             The game lasted 00:11:11 (6042 turns).

Lew the Skirmisher (Gnoll Abyssal Knight)           Turns: 6042, Time: 00:11:12

HP:   -14/64 (67)   AC:  7    Str: 13 (15) XL:     8   Next: 44%
MP:   12/12         EV: 20    Int: 13 (15) God:    Lugonu [***...]
Gold: 274           SH:  0    Dex: 21 (23) Spells: 13/13 levels left

rFire    . . .     SeeInvis .   q - +5 falchion
rCold    . . .     Gourm    .   (no shield)
rNeg     . . .     Faith    .   v - +2 robe of Toaha {Dex+4}
rPois    .         Spirit   .   m - +2 helmet
rElec    .         Reflect  .   (no cloak)
rCorr    .         Harm     .   (no gloves)
MR       .....                  (no boots)
Stlth    +++++.....             (no amulet)
HPRegen  0.20/turn              g - ring of stealth
MPRegen  0.13/turn              (no ring)

@: agile
A: distributed training, fangs 1, [weak 1], strong nose
a: Depart the Abyss, Bend Space, Banish, Renounce Religion


You were on level 6 of the Dungeon.
You worshipped Lugonu.
Lugonu was most pleased with you.
You were not hungry.

You visited 1 branch of the dungeon, and saw 6 of its levels.
You visited the Abyss 1 time.

You collected 274 gold pieces.

Inventory:

Hand Weapons
 a - a +1 hand axe
 q - a +5 falchion (weapon)
Armour
 f - a +2 ring mail
 m - a +2 helmet (worn)
 v - the +2 robe of Toaha (worn) {Dex+4}
   (You found it on level 5 of the Dungeon)

   It affects your dexterity (+4).
Jewellery
 g - a ring of stealth (left hand)
Wands
 k - a wand of random effects (41)
 o - a wand of iceblast (13)
Scrolls
 e - a scroll of remove curse
 h - 2 scrolls of fog
 i - a scroll of magic mapping
Potions
 b - 2 potions of curing
 l - 2 potions of flight
Comestibles
 c - 5 rations


   Skills:
 + Level 7.3 Fighting
 + Level 3.2 Short Blades
 + Level 3.2 Long Blades
 + Level 5.6 Axes
 + Level 3.2 Maces & Flails
 + Level 3.2 Polearms
 + Level 3.2 Staves
 + Level 3.2 Slings
 + Level 3.2 Bows
 + Level 3.2 Crossbows
 + Level 3.2 Throwing
 + Level 5.6 Armour
 + Level 4.1 Dodging
 + Level 3.2 Stealth
 + Level 3.2 Shields
 + Level 3.2 Unarmed Combat
 + Level 3.2 Spellcasting
 + Level 2.6 Conjurations
 + Level 2.6 Hexes
 + Level 2.6 Charms
 + Level 2.6 Summonings
 + Level 2.6 Necromancy
 + Level 2.6 Translocations
 + Level 2.6 Transmutations
 + Level 2.6 Fire Magic
 + Level 2.6 Ice Magic
 + Level 2.6 Air Magic
 + Level 2.6 Earth Magic
 + Level 2.6 Poison Magic
 + Level 5.8 Invocations
 + Level 3.2 Evocations


You had 13 spell levels left.
You didn't know any spells.
Your spell library was empty.

Dungeon Overview and Level Annotations

Branches:
Dungeon (6/15)
 Temple: D:4-7

Altars:
Gozag
Vehumet
Xom


Innate Abilities, Weirdness & Mutations

Your experience applies equally to all skills.
You have very sharp teeth.
Your uncanny sense of smell can sniff out nearby items.
[You are weak. (Str -2)]


Message History

The orc warrior is severely wounded.
The orc warrior hits you with a battleaxe of pain!
* * * LOW HITPOINT WARNING * * *
You writhe in agony.
* * * LOW HITPOINT WARNING * * *
The orc closely misses you.
You hit the orc warrior but do no damage.
The orc warrior is severely wounded.
The orc warrior closely misses you. The orc barely misses you.
You barely miss the orc warrior.
The orc warrior is severely wounded.
The orc completely misses you. The orc warrior completely misses you.
You closely miss the orc warrior. Your bite misses the orc warrior.
The orc warrior is severely wounded.
The orc hits you but does no damage. The orc warrior completely misses you.
You hit the orc warrior but do no damage.
You bite the orc warrior, but do no damage.
The orc warrior is severely wounded.
The orc warrior hits you with a battleaxe of pain!!
You die...

......#.# #.####.#
##..#...####.#####..
..................>...
##..###.###...#######..
#..# #.###...###... .
##..# #.#.......#.#
#...###.#.........#
#...............#######.
#.......###....o@o......
######### #...##########
#####


You could see an orc warrior and an orc.

Vanquished Creatures
  Sigmund (D:2)
  The ghost of digijack the Magician, an amateur DEWz of Yredelemnul (D:5)
  A water moccasin (D:5)
  An ice beast (D:5)
  A necrophage (D:4)
  An ogre (D:4)
  A centaur (D:5)
  A bullfrog zombie (D:5)
  A crimson imp (D:6)
  A hound (D:3)
  An orc priest (D:4)
  Ijyb (D:5)
  An orc wizard (D:6)
  A howler monkey zombie (D:5)
  Robin (D:2)
  7 adders
  A gnoll (D:1)
  3 adder skeletons
  3 worms
  7 dart slugs
  3 leopard geckos
  11 orcs
  3 ball pythons
  5 bats
  5 giant cockroaches
  16 goblins
  9 hobgoblins
  13 jackals
  3 quokkas
  6 frilled lizards
  5 kobolds
  4 rats
119 creatures vanquished.

Notes
Turn   | Place    | Note
-------+----------+-------------------------------------------
     0 | Abyss:1  | Lew the Gnoll Abyssal Knight began the quest for the Orb.
     0 | Abyss:1  | Reached XP level 1. HP: 23/23 MP: 3/3
    53 | Abyss:1  | Noticed a small abomination
    98 | Abyss:1  | Noticed a quasit
   129 | Abyss:1  | Noticed a wretched star
   155 | Abyss:1  | Noticed a starcursed mass
   155 | Abyss:1  | HP: 1/23 [starcursed mass/accursed screaming (7)]
   156 | D:1      | Escaped the Abyss
   508 | D:1      | Reached XP level 2. HP: 20/29 MP: 5/5
   514 | D:1      | Reached * piety under Lugonu
   937 | D:1      | Reached XP level 3. HP: 26/35 MP: 6/6
  1379 | D:1      | Reached skill level 1 in Short Blades
  1379 | D:1      | Reached skill level 1 in Long Blades
  1379 | D:1      | Reached skill level 1 in Maces & Flails
  1379 | D:1      | Reached skill level 1 in Polearms
  1379 | D:1      | Reached skill level 1 in Staves
  1379 | D:1      | Reached skill level 1 in Slings
  1379 | D:1      | Reached skill level 1 in Bows
  1379 | D:1      | Reached skill level 1 in Crossbows
  1379 | D:1      | Reached skill level 1 in Throwing
  1379 | D:1      | Reached skill level 1 in Stealth
  1379 | D:1      | Reached skill level 1 in Shields
  1379 | D:1      | Reached skill level 1 in Unarmed Combat
  1379 | D:1      | Reached skill level 1 in Spellcasting
  1379 | D:1      | Reached skill level 1 in Evocations
  1394 | D:1      | Reached ** piety under Lugonu
  1517 | D:2      | Reached XP level 4. HP: 39/41 MP: 7/7
  1519 | D:2      | Noticed Robin
  1531 | D:2      | Killed Robin
  1914 | D:2      | Noticed Sigmund
  1931 | D:2      | HP: 1/41 [Sigmund/magic dart (4)]
  1934 | D:2      | Killed Sigmund
  1934 | D:2      | Reached skill level 1 in Conjurations
  1934 | D:2      | Reached skill level 1 in Hexes
  1934 | D:2      | Reached skill level 1 in Charms
  1934 | D:2      | Reached skill level 1 in Summonings
  1934 | D:2      | Reached skill level 1 in Necromancy
  1934 | D:2      | Reached skill level 1 in Translocations
  1934 | D:2      | Reached skill level 1 in Transmutations
  1934 | D:2      | Reached skill level 1 in Fire Magic
  1934 | D:2      | Reached skill level 1 in Ice Magic
  1934 | D:2      | Reached skill level 1 in Air Magic
  1934 | D:2      | Reached skill level 1 in Earth Magic
  1934 | D:2      | Reached skill level 1 in Poison Magic
  1934 | D:2      | Reached skill level 5 in Invocations
  1934 | D:2      | Reached XP level 5. HP: 2/47 MP: 8/8
  1934 | D:2      | Reached XP level 6. HP: 2/53 MP: 9/9
  2264 | D:2      | Found a shimmering altar of Xom.
  2835 | D:3      | Reached skill level 5 in Axes
  2835 | D:3      | Reached skill level 5 in Armour
  2956 | D:3      | Found a radiant altar of Vehumet.
  3249 | D:4      | Reached *** piety under Lugonu
  3301 | D:4      | Noticed a necrophage
  3325 | D:4      | Killed a necrophage
  3325 | D:4      | Reached XP level 7. HP: 27/56 MP: 10/10
  3487 | D:4      | Reached skill level 7 in Fighting
  4198 | D:5      | Entered Level 5 of the Dungeon
  4917 | D:5      | Noticed Ijyb
  4923 | D:5      | Killed Ijyb
  4926 | D:5      | Reached XP level 8. HP: 64/64 MP: 12/12
  5159 | D:5      | Found a runed gate.
  5159 | D:5      | Found a runed gate.
  5159 | D:5      | Found a runed gate.
  5161 | D:5      | Found an opulent altar of Gozag.
  5164 | D:5      | Noticed digijack's ghost (amateur DEWz)
  5432 | D:5      | Killed digijack's ghost
  5827 | D:5      | Got a dull robe
  5829 | D:5      | Identified the +2 robe of Toaha {Dex+4} (You found it on level 5 of the Dungeon)
  6042 | D:6      | Demolished by an orc warrior

Skill      XL: |  1  2  3  4  5  6  7  8 |
---------------+-------------------------+-----
Short Blades   | 1 2 3 |  3.2
Long Blades    | 1 2 3 |  3.2
Maces & Flails | 1 2 3 |  3.2
Polearms       | 1 2 3 |  3.2
Staves         | 1 2 3 |  3.2
Slings         | 1 2 3 |  3.2
Bows           | 1 2 3 |  3.2
Crossbows      | 1 2 3 |  3.2
Throwing       | 1 2 3 |  3.2
Stealth        | 1 2 3 |  3.2
Shields        | 1 2 3 |  3.2
Unarmed Combat | 1 2 3 |  3.2
Spellcasting   | 1 2 3 |  3.2
Evocations     | 1 2 3 |  3.2
Dodging        | 3 4 |  4.1
Conjurations   | 1 2 |  2.6
Hexes          | 1 2 |  2.6
Charms         | 1 2 |  2.6
Summonings     | 1 2 |  2.6
Necromancy     | 1 2 |  2.6
Translocations | 1 2 |  2.6
Transmutations | 1 2 |  2.6
Fire Magic     | 1 2 |  2.6
Ice Magic      | 1 2 |  2.6
Air Magic      | 1 2 |  2.6
Earth Magic    | 1 2 |  2.6
Poison Magic   | 1 2 |  2.6
Invocations    | 5 |  5.8
Axes           | 5 |  5.6
Armour         | 5 |  5.6
Fighting       | 7 |  7.3

Action                   |  1- 3 |  4- 6 |  7- 9 || total
-------------------------+-------+-------+-------++-------
Melee: Hand axe          |   103 |   177 |       ||   280
       Bite              |     7 |    21 |    24 ||    52
       Falchion          |       |    21 |   114 ||   135
       Punch             |       |       |     3 ||     3
Invok: Depart the Abyss  |     1 |       |       ||     1
  Use: Scroll            |     2 |       |    13 ||    15
       Potion            |       |     4 |     5 ||     9
 Stab: Sleeping          |       |     1 |     1 ||     2
  Eat: Chunk             |     1 |     2 |     2 ||     5
       Ration            |       |     2 |     2 ||     4
Armor: Leather armour    |    18 |       |       ||    18
       Ring mail         |    15 |    52 |    57 ||   124
       Skin              |       |    41 |       ||    41
       Robe              |       |       |     2 ||     2
Dodge: Dodged            |    80 |   108 |    87 ||   275
       Rpst.: Falchion   |       |     2 |    34 ||    36
